 Dungeon Crawl Stone Soup version 0.31-a0-177-g4aa6249778 (webtiles) character file.

Game seed: 10583182431354062753

360 CowFu the Skirmisher (level 6, -2/34 HPs)
             Began as a Kobold Hexslinger on June 19, 2023.
             Slain by Crazy Yiuf
             ... wielding a +3 quarterstaff of chaos
              (7 damage)
             ... on level 4 of the Dungeon.
             The game lasted 00:05:12 (3259 turns).

CowFu the Skirmisher (Kobold Hexslinger)            Turns: 3259, Time: 00:05:13

Health: -2/34      AC:  2    Str:  5    XL:     6   Next: 98%
Magic:  2/7        EV: 15    Int: 14    God:
Gold:   87         SH:  0    Dex: 20    Spells: 3/7 levels left

rFire   + . .        a - +2 sling
rCold   + . .        (no shield)
rNeg    . . .        c - +0 robe
rPois   +            (no helmet)
rElec   +            (no cloak)
rCorr   +            (no gloves)
SInv    .            (no boots)
Will    .....        (no amulet)
Stlth   +++          (no ring)
HPRegen 0.25/turn    (no ring)
MPRegen 0.10/turn

%: no passive effects
@: mighty, resistant, very slightly contaminated
A: small, no large weapons, nightstalker 3
a: no special abilities


You were on level 4 of the Dungeon.
You visited 1 branch of the dungeon, and saw 4 of its levels.

You collected 87 gold pieces.

Inventory:

Hand Weapons
 a - a +2 sling (weapon)
 u - a +0 hammer of protection
Armour
 c - a +0 robe (worn)
Jewellery
 s - an amulet of guardian spirit
Scrolls
 b - 2 scrolls of poison
 f - a scroll of enchant weapon
 g - 2 scrolls of teleportation {unknown}
 h - 4 scrolls of identify {unknown}
 i - a scroll of revelation {unknown}
 l - 2 scrolls of enchant armour {unknown}
 n - a scroll of amnesia {unknown}
 o - 2 scrolls of fog {unknown}
 r - a scroll of noise {unknown}
 t - a scroll of vulnerability {unknown}
Potions
 d - a potion of degeneration {unknown}
 e - a potion of heal wounds
 j - 5 potions of curing
 k - a potion of ambrosia {unknown}
 m - a potion of brilliance {unknown}
 p - 3 potions of mutation {unknown}
 q - a potion of haste {unknown}


   Skills:
 - Level 1.1 Fighting
 + Level 9.1 Ranged Weapons
 - Level 2.4 Dodging
 - Level 1.1 Spellcasting
 - Level 3.0 Hexes


You had 3 spell levels left.
You knew the following spells:

 Your Spells              Type           Power      Damage    Failure   Level
a - Slow                  Hex            36%        N/A       8%          1
b - Inner Flame           Hex/Fire       4%         N/A       38%         3

Your spell library contained the following spells:

 Spells                   Type           Power      Damage    Failure   Level
 Portal Projectile        Hex/Tloc       8%         N/A       38%         3
 Cause Fear               Hex            4%         N/A       58%         4


Dungeon Overview and Level Annotations

Branches:
Dungeon (4/15)
 Temple: D:4-7

Altars:

Shops:
D:2 (   D:3 (

Annotations:
D:4 Crazy Yiuf


Innate Abilities, Weirdness & Mutations

You are small and have problems with some larger weapons.
You are completely attuned to the shadows.


Message History

Crazy Yiuf resists with significant effort.
You miscast Slow.
You are very lightly contaminated with residual magic.
Nothing appears to happen.
Crazy Yiuf says, "Cod!"
Crazy Yiuf seems to slow down.
Crazy Yiuf seems to slow down.
You shoot a sling bullet.
The sling bullet closely misses Crazy Yiuf.
Crazy Yiuf hits you with a +3 quarterstaff of chaos!
You feel very mighty all of a sudden.
You shoot a sling bullet. The sling bullet hits Crazy Yiuf!
Crazy Yiuf is moderately wounded.
Crazy Yiuf barely misses you.
You shoot a sling bullet.
The sling bullet barely misses Crazy Yiuf.
You shoot a sling bullet. The sling bullet hits Crazy Yiuf.
Crazy Yiuf is heavily wounded.
Crazy Yiuf grits, "Earwax poople disdain!"
Crazy Yiuf hits you with a +3 quarterstaff of chaos!
You feel protected.
You shoot a sling bullet. The sling bullet hits Crazy Yiuf.
Crazy Yiuf is heavily wounded.
Crazy Yiuf hits you with a +3 quarterstaff of chaos!
* * * LOW HITPOINT WARNING * * *
Your magical contamination has completely faded away.
You are too injured to fight recklessly!
You are too injured to fight recklessly!
Aiming: Slow (safe; 8% risk of failure)
Press: ? - help, Q - select action, (/) - cycle Shift-Dir - straight line, f/p - Crazy Yiuf
Aim: Crazy Yiuf, wielding a +3 quarterstaff of chaos and wearing a +2 cloak (heavily wounded, slow, chance to affect: 51%)
You miscast Slow.
You are very lightly contaminated with residual magic.
Nothing appears to happen.
Aiming: Slow (safe; 8% risk of failure)
Press: ? - help, Q - select action, (/) - cycle Shift-Dir - straight line, f/p - Crazy Yiuf
Aim: Crazy Yiuf, wielding a +3 quarterstaff of chaos and wearing a +2 cloak (heavily wounded, slow, chance to affect: 51%) Crazy Yiuf seems to slow down.
Crazy Yiuf hits you with a +3 quarterstaff of chaos!
You die...

.###########
.#.........#
##.######### ...#
########## #..)#
.........###
#...#
........>..# ...
########.### #g#
# #....# ♣♣@♣ #
##.##.# ♣.♣♣
#..##.# ♣♣.♣
#.###.# ♣.♣♣ #.#
#.# ♣♣.♣♣ ####.#
#.# ♣...♣♣
#....###'###
♣..).♣
+.#........#
#....# #
#........###)...#


You could see Crazy Yiuf (slow).

Vanquished Creatures
  An ogre (D:4)
  2 jellies (D:2)
  An orc wizard (D:3)
  Natasha (thrice) (D:3)
  2 adders
  3 worms
  A dart slug (D:2)
  4 orcs (D:3)
  3 ball pythons
  13 endoplasms
  2 giant cockroaches (D:1)
  5 goblins
  7 hobgoblins
  3 jackals (D:3)
  2 quokkas (D:2)
  9 bats
  3 frilled lizards
  10 kobolds
  4 rats
78 creatures vanquished.

Notes
Turn   | Place    | Note
-------+----------+-------------------------------------------
     0 | D:1      | CowFu the Kobold Hexslinger began the quest for the Orb.
     0 | D:1      | Reached XP level 1. HP: 12/12 MP: 2/2
    71 | D:1      | Reached skill level 3 in Ranged Weapons
   291 | D:1      | Reached XP level 2. HP: 16/16 MP: 3/3
   397 | D:1      | Reached skill level 4 in Ranged Weapons
   592 | D:1      | Reached XP level 3. HP: 20/20 MP: 4/4
  1034 | D:2      | Reached skill level 5 in Ranged Weapons
  1096 | D:2      | Reached XP level 4. HP: 20/25 MP: 5/5
  1136 | D:2      | Found Upist's Antique Weapon Shoppe.
  1216 | D:2      | HP: 1/25 [kobold/+0 whip (3)]
  1358 | D:2      | Reached skill level 6 in Ranged Weapons
  1366 | D:2      | Reached XP level 5. HP: 20/29 MP: 6/6
  1554 | D:2      | Reached skill level 7 in Ranged Weapons
  1840 | D:3      | Found Telonweh's Weapon Shoppe.
  1944 | D:3      | Noticed Natasha
  1950 | D:3      | Killed Natasha
  2027 | D:3      | Reached XP level 6. HP: 34/34 MP: 5/7
  2031 | D:3      | Learned a level 3 spell: Inner Flame
  2521 | D:3      | Noticed Natasha
  2528 | D:3      | Killed Natasha
  2529 | D:3      | Reached skill level 8 in Ranged Weapons
  2583 | D:3      | Noticed Natasha
  2596 | D:3      | Killed Natasha
  2968 | D:4      | Noticed an ogre
  2979 | D:4      | Killed an ogre
  2980 | D:4      | Reached skill level 9 in Ranged Weapons
  3244 | D:4      | Found a runed translucent door.
  3247 | D:4      | Noticed Crazy Yiuf
  3259 | D:4      | Slain by Crazy Yiuf

Illustrated notes

Levels and vault maps discovered:
D:1:      dpeg_arrival_rhombus, layout_loops_ring, chequers_serial_rivers_room_a
D:2:      cheibrodos_fertilizer, layout_rooms, serial_shops,
          nicolae_shop_real_fake_doors
D:3:      layout_basic, serial_shops, nicolae_shop_hallway_stairs, hex_medium,
          uniq_natasha
D:4:      layout_basic, nicolae_uskayaw_suspiria, serial_rivers,
          chequers_serial_rivers_micro_c, chequers_serial_rivers_micro_e,
          chequers_serial_rivers_room_a, chequers_serial_rivers_large_b,
          chequers_serial_rivers_room_a, nicolae_eternal_life, uniq_ijyb,
          uniq_sigmund, uniq_crazy_yiuf_cottage

Skill      XL: |  1  2  3  4  5  6 |
---------------+-------------------+-----
Ranged Weapons | 3 4 5 6 7 9 |  9.1
Fighting       | |  1.1
Dodging        | |  2.4
Spellcasting   | |  1.1
Hexes          | |  3.0

Action                     |  1- 3 |  4- 6 || total
---------------------------+-------+-------++-------
   Fire: Sling             |    95 |   183 ||   278
   Cast: Slow              |     3 |    41 ||    44
    Use: Potion            |       |     1 ||     1
         Scroll            |       |     1 ||     1
 Armour: Robe              |     4 |    18 ||    22
  Dodge: Dodged            |    29 |    98 ||   127

Table legend: (Time is in decaauts)
 A = Elapsed time spent in this place.
 B = Non-inter-level travel time spent in this place.
 C = Inter-level travel time spent in this place.
 D = Time resting spent in this place.
 E = Time spent auto-exploring this place.
 F = Levels seen in this place.
 G = Mean time per level.
                   A        B        C        D        E       F      G
               +--------+--------+--------+--------+--------+-----+--------+
         Total |   3284 |   3190 |     94 |      0 |   2616 |   4 |  821.0 |
       Dungeon |   3284 |   3190 |     94 |      0 |   2616 |   4 |  821.0 |
               +--------+--------+--------+--------+--------+-----+--------+

Top non-repeatable levels by time:
     D:3: 1130 daAuts
     D:1: 949 daAuts
     D:2: 914 daAuts
     D:4: 289 daAuts
